 Dungeon Crawl Stone Soup version 0.20-a0-493-g19c8d8d (webtiles) character file.

6970 nono the Protected (level 11, -2/66 HPs)
             Began as a Halfling Fighter on Jan 17, 2017.
             Was a High Priest of Okawaru.
             Slain by a yak (12 damage)
             ... on level 1 of the Lair of Beasts.
             The game lasted 00:29:45 (10012 turns).

nono the Protected (Halfling Fighter)              Turns: 10012, Time: 00:29:45

Health: -2/66      AC: 18    Str: 24    XL:     11   Next: 28%
Magic:  11/11      EV: 10    Int:  6    God:    Okawaru [*****.]
Gold:   367        SH: 14    Dex: 19    Spells: 10/10 levels left

rFire    . . .     SeeInvis +   N - +2 long sword "Howeten" {flame, +Fly rC++ Stlth-}
rCold    + + .     Gourm    .   b - +0 scale mail
rNeg     . . .     Faith    +   c - +0 shield
rPois    .         Spirit   .   B - +1 helmet
rElec    .         Reflect  .   v - +0 cloak
rCorr    .         Harm     .   Q - +2 pair of gloves "Poucveg" {Dex+3}
MR       .....                  F - +0 pair of boots
Stlth    ..........             E - amulet of faith (curse)
Regen    0.3/turn               (no ring)
                                L - ring of see invisible

@: mighty, about to teleport
A: mutation resistance 1
a: Heroism, Finesse, Renounce Religion, Evoke Flight


You were on level 1 of the Lair of Beasts.
You worshipped Okawaru.
Okawaru was extremely pleased with you.
You were not hungry.

You visited 3 branches of the dungeon, and saw 11 of its levels.
You also visited: Bailey.

You collected 613 gold pieces.
You spent 246 gold pieces at shops.

Inventory:

Hand Weapons
 a - a +0 long sword
 w - a +1 blowgun
 N - the +2 long sword "Howeten" (weapon) {flame, +Fly rC++ Stlth-}
   (You bought it in a shop on level 6 of the Dungeon)

   It has been specially enchanted to burn those struck by it, causing extra
   injury to most foes and up to half again as much damage against particularly
   susceptible opponents.
   Big, fiery blades are also staple armaments of hydra-hunters.
   It greatly protects you from cold.
   It lets you fly.
   It makes you less stealthy.
Missiles
 x - 50 poisoned needles
Armour
 b - a +0 scale mail (worn)
 c - a +0 shield (worn)
 r - +0 steam dragon scales
 v - a +0 cloak (worn)
 B - a +1 helmet (worn)
 F - a +0 pair of boots (worn)
 Q - the +2 pair of gloves "Poucveg" (worn) {Dex+3}
   (You found it in a bailey)

   It affects your dexterity (+3).
 W - a +2 ring mail of fire resistance
Jewellery
 E - a cursed amulet of faith (around neck)
 L - a ring of see invisible (left hand)
 R - a cursed ring of stealth
Wands
 s - a wand of confusion (27/48)
 D - a wand of random effects (0/48)
 G - a wand of lightning (0/15)
 T - a wand of polymorph (2/24)
Scrolls
 i - a scroll of magic mapping
 k - 3 scrolls of remove curse
 n - a scroll of recharging
 o - a scroll of enchant armour
 q - 2 scrolls of enchant weapon
 t - a scroll of fog {unknown}
 u - 4 scrolls of identify
 y - a scroll of teleportation
 J - a scroll of amnesia {unknown}
Potions
 d - a potion of heal wounds {unknown}
 e - 3 potions of cure mutation
 g - 2 potions of curing
 j - a potion of brilliance {unknown}
 l - a potion of resistance {unknown}
 z - a potion of flight {unknown}
 A - 4 potions of haste {unknown}
 I - a potion of magic {unknown}
 P - a potion of lignification {unknown}
 S - a potion of might
 U - a potion of mutation {unknown}
Books
 m - a book of Changes

   Spells                             Type                      Level
   a - Beastly Appendage              Transmutation                1
   b - Sticks to Snakes               Transmutation                2
   c - Spider Form                    Transmutation/Poison         3
   d - Ice Form                       Ice/Transmutation            4
   e - Blade Hands                    Transmutation                5
 H - a book of Cantrips

   Spells                             Type                      Level
   a - Confusing Touch                Hexes                        1
   b - Animate Skeleton               Necromancy                   1
   c - Summon Small Mammal            Summoning                    1
   d - Apportation                    Translocation                1
 K - a book of Callings

   Spells                             Type                      Level
   a - Summon Small Mammal            Summoning                    1
   b - Call Imp                       Summoning                    2
   c - Call Canine Familiar           Summoning                    3
   d - Summon Guardian Golem          Hexes/Summoning              3
   e - Summon Lightning Spire         Summoning/Air                4
   f - Summon Ice Beast               Ice/Summoning                4
 M - a book of Necromancy

   Spells                             Type                      Level
   a - Pain                           Necromancy                   1
   b - Animate Skeleton               Necromancy                   1
   c - Vampiric Draining              Necromancy                   3
   d - Regeneration                   Charms/Necromancy            3
   e - Animate Dead                   Necromancy                   4
   f - Control Undead                 Necromancy                   4
Comestibles
 f - 5 bread rations
 h - 10 fruits
 p - 3 slices of pizza
 C - 3 meat rations
 O - a beef jerky
 X - 4 chunks of flesh


   Skills:
 - Level 2.6 Fighting
 + Level 9.6 Long Blades
 + Level 11.2 Armour
 + Level 10.9 Shields


You had 10 spell levels left.
You didn't know any spells.

Dungeon Overview and Level Annotations

Branches:
Dungeon (9/15)             Temple (1/1) D:5            Lair (1/6) D:9
    Orc: D:9-12

Altars:
Ashenzari
Cheibriados
Dithmenos
Elyvilon
Fedhas
Kikubaaqudgha
Okawaru
Qazlal
Ru
Sif Muna
Trog
The Shining One

Shops:
D:5 *   D:6 (

Annotations:
D:4 Grinder
D:7 anet's ghost, novice DEWz


Innate Abilities, Weirdness & Mutations

You are small and have problems with some larger weapons.
You are somewhat resistant to further mutation.


Message History

You block the six-headed hydra's attack.
The six-headed hydra bites you!
* * * LOW HITPOINT WARNING * * *
You feel very mighty all of a sudden.
The six-headed hydra bites you but does no damage. x2
The six-headed hydra barely misses you. The six-headed hydra bites you.
* * * LOW HITPOINT WARNING * * *
The six-headed hydra bites you.
* * * LOW HITPOINT WARNING * * *
The six-headed hydra bites you but does no damage.
Okay, then.
As you read the scroll of fear, it crumbles to dust.
You assume a fearsome visage.
The six-headed hydra looks frightened!
The yak looks frightened! x2
As you read the scroll of teleportation, it crumbles to dust.
You feel strangely unstable. The yak completely misses you.
The yak gores you but does no damage. The yak gores you!
You die...

.....#......#.#
.........Y...##
##............#
####.....Y.D..##
# #............#
# #............#
#............##
##...........YY##
#...<......Y..#@#
###...........###
##..........#
###........#
##.###...# ###
#####


You could see a six-headed hydra (fleeing) and 4 yaks.

Vanquished Creatures
  2 two-headed ogres
  2 orc knights (Bailey)
  A hippogriff (D:8)
  A wyvern (D:8)
  A wraith (D:9)
  2 yaks (D:9)
  A sky beast (D:6)
  A black bear (D:7)
  8 orc warriors
  6 ice beasts
  2 ogres
  5 centaurs
  6 bullfrogs
  2 scorpions
  A water moccasin skeleton (D:7)
  11 killer bees (D:9)
  2 howler monkeys
  2 crimson imps
  A bullfrog zombie (D:7)
  2 jellies
  Crazy Yiuf (D:7)
  3 centaur skeletons
  4 hounds
  2 orc priests
  4 orc wizards
  2 iguanas
  2 worker ants
  A killer bee zombie (D:9)
  3 gnolls (D:3)
  17 adders
  3 shadow imps
  2 oozes
  2 adder skeletons (D:8)
  3 worms
  4 dart slugs
  7 leopard geckos
  34 orcs
  10 giant cockroaches
  6 goblins
  6 hobgoblins
  11 jackals
  4 quokkas
  A ball python (D:1)
  7 bats
  6 frilled lizards
  8 kobolds
  A leopard gecko skeleton (D:8)
  12 rats
225 creatures vanquished.

Notes
Turn   | Place    | Note
-------+----------+-------------------------------------------
     0 | D:1      | nono the Halfling Fighter began the quest for the Orb.
     0 | D:1      | Reached XP level 1. HP: 15/15 MP: 1/1
    85 | D:1      | Reached XP level 2. HP: 19/20 MP: 2/2
   202 | D:1      | Reached XP level 3. HP: 25/25 MP: 3/3
   521 | D:2      | Reached skill level 4 in Armour
   526 | D:2      | Reached XP level 4. HP: 25/30 MP: 4/4
  1050 | D:2      | Reached XP level 5. HP: 30/35 MP: 5/5
  1075 | D:2      | Found a shattered altar of Ashenzari.
  1090 | D:2      | Found a bloodstained altar of Trog.
  1628 | D:3      | Found a glowing golden altar of the Shining One.
  2005 | D:3      | Reached XP level 6. HP: 41/41 MP: 6/6
  2042 | D:3      | Reached skill level 5 in Armour
  2372 | D:4      | Reached skill level 5 in Shields
  2459 | D:4      | Reached XP level 7. HP: 32/45 MP: 7/7
  2683 | D:4      | Noticed Grinder
  2721 | D:4      | Paralysed by Grinder for 7 turns
  2741 | D:5      | Entered Level 5 of the Dungeon
  3157 | D:5      | Reached skill level 6 in Armour
  3231 | D:5      | Found Cuuj Umeka's Assorted Antiques.
  3268 | D:5      | Found a staircase to the Ecumenical Temple.
  3377 | Temple   | Entered the Ecumenical Temple
  3414 | Temple   | Became a worshipper of Warmaster Okawaru
  3571 | D:6      | Reached XP level 8. HP: 51/51 MP: 8/8
  3623 | D:6      | Reached skill level 5 in Long Blades
  4188 | D:6      | Found Metacw's Antique Weapon Shop.
  4191 | D:6      | Bought an ancient long sword for 246 gold pieces
  4191 | D:6      | Identified the +2 long sword "Howeten" {flame, +Fly rC++ Stlth-} (You bought it in a shop on level 6 of the Dungeon)
  4245 | D:6      | Reached * piety under Okawaru
  4245 | D:6      | Reached skill level 7 in Armour
  4632 | D:6      | Reached XP level 9. HP: 55/55 MP: 9/9
  5101 | D:7      | Reached ** piety under Okawaru
  5101 | D:7      | Reached skill level 8 in Armour
  5252 | D:8      | Noticed a hippogriff
  5592 | D:7      | Found a runed door.
  5596 | D:7      | Noticed Crazy Yiuf
  5603 | D:7      | Paralysed by Crazy Yiuf for 2 turns
  5606 | D:7      | Killed Crazy Yiuf
  5973 | D:7      | Noticed anet's ghost (novice DEWz)
  6490 | D:8      | Killed a hippogriff
  6579 | D:8      | Reached *** piety under Okawaru
  6579 | D:8      | Reached skill level 9 in Armour
  6617 | D:8      | Received a gift from Okawaru
  6617 | D:8      | Reached XP level 10. HP: 36/61 MP: 10/10
  6743 | D:8      | Found a bloodstained altar of Trog.
  6822 | D:8      | Noticed a two-headed ogre
  6856 | D:8      | Killed a two-headed ogre
  7157 | D:8      | HP: 2/61 [centaur/arrow (7)]
  7528 | D:9      | Found a flagged portal.
  7537 | Bailey   | Entered a bailey
  7730 | Bailey   | Noticed an orc knight
  7730 | Bailey   | Noticed an orc knight
  7740 | Bailey   | Reached skill level 10 in Armour
  8248 | Bailey   | Killed an orc knight
  8248 | Bailey   | Reached **** piety under Okawaru
  8248 | Bailey   | Reached skill level 10 in Shields
  8254 | Bailey   | Killed an orc knight
  8309 | Bailey   | Got a pair of transparent gloves
  8315 | Bailey   | Identified the +2 pair of gloves "Poucveg" {Dex+3} (You found it in a bailey)
  8615 | D:9      | Reached ***** piety under Okawaru
  8615 | D:9      | Reached XP level 11. HP: 23/66 MP: 11/11
  8952 | D:9      | Noticed a two-headed ogre
  9247 | D:9      | Killed a two-headed ogre
  9509 | D:9      | Reached skill level 11 in Armour
  9521 | D:9      | Found a shadowy altar of Dithmenos.
  9817 | D:9      | Found a staircase to the Lair.
  9851 | Lair:1   | Entered Level 1 of the Lair of Beasts
  9896 | Lair:1   | Noticed an eight-headed hydra
  9924 | D:9      | Received a gift from Okawaru
 10012 | Lair:1   | Slain by a yak

Vault maps used:
D:1:      dpeg_arrival_prison, grunt_decor_cap
D:2:      minmay_diamond_boxcup, ashenzari_altar_1, first_bread, trog_book
D:3:      kennysheep_big_flooded_room, tso_altar
D:4:      hangedman_minor_gate_pass, uniq_grinder
D:5:      serial_shops, kennysheep_little_box, grunt_ministairs_5, corexii_shack
D:6:      mumra_celtic_spiral_tile, serial_shops, kennysheep_mini, st_stairs_10
D:7:      the_bakery, uniq_crazy_yiuf_cottage
D:8:      overflow_temple_1_default
D:9:      lemuel_coloured_pillars_altar, demons_altar, lair_entry_dummy,
          enter_bailey_2, uniq_prince_ribbit1
Temple:   regret_index_temple_sphere_string
Lair:1:   enter_volcano_3
Bailey:   bailey_polearm_1, bailey

Skill      XL: |  1  2  3  4  5  6  7  8  9 10 11 |
---------------+----------------------------------+-----
Armour         | 4 5 6 7 9 10 11 | 11.2
Shields        | 4 5 6 7 8 10 | 10.9
Long Blades    | 3 4 6 7 9 |  9.6
Fighting       | |  2.6

Action                   |  1- 3 |  4- 6 |  7- 9 | 10-12 || total
-------------------------+-------+-------+-------+-------++-------
Melee: Long sword        |    89 |   215 |   438 |   257 ||   999
 Fire: Blowgun           |       |       |       |    30 ||    30
Throw: Tomahawk          |       |       |       |     2 ||     2
Invok: Heroism           |       |       |     2 |     4 ||     6
 Abil: Evoke Flight      |       |       |       |     2 ||     2
Evoke: Wand              |       |       |     3 |    28 ||    31
  Use: Potion            |       |       |     5 |     4 ||     9
       Scroll            |       |       |       |    12 ||    12
 Stab: Confused          |       |       |     2 |       ||     2
  Eat: Chunk             |       |     6 |    12 |    10 ||    28
       Beef jerky        |       |       |     1 |       ||     1
       Fruit             |       |       |       |     2 ||     2
Armor: Scale mail        |    47 |    87 |   155 |    85 ||   374
Dodge: Dodged            |    32 |    70 |   136 |   102 ||   340
Block: Shield            |    46 |   135 |   291 |   214 ||   686
       Rpst.: Long sword |    11 |    23 |    43 |    28 ||   105
